 Dungeon Sprint DCSS version 0.29.1-2-gbd0b4ee654 (webtiles) character file.

Game seed: 8407056816119974083

3800 boopmooplesden the Fencer (level 9, -10/144 HPs)
             Began as a Minotaur Berserker on Nov 22, 2022.
             Was a High Priest of Trog.
             Mangled by a phantasmal warrior (20 damage)
             ... in the Dungeon (Sprint VII: "The Pits").
             The game lasted 00:02:56 (1843 turns).

boopmooplesden the Fencer (Minotaur Berserker)      Turns: 1843, Time: 00:02:57

Health: -10/144    AC: 19    Str: 21    XL:     9   Next: 96%
Magic:  8/8        EV: 10    Int:  4    God:    Trog [*****.]
Gold:   0          SH:  0    Dex: 15    Spells: 8/8 levels left

rFire   . . .      SeeInvis .   a - +6 great sword (flame)
rCold   . . .      Faith    .   (shield currently unavailable)
rNeg    . . .      Spirit   .   t - +3 plate armour
rPois   .          Reflect  .   (helmet restricted)
rElec   .          Harm     .   (no cloak)
rCorr   .          Rampage  .   (no gloves)
Will    .....      NoTele   +   (no boots)
Stlth   ..........              (no amulet)
HPRegen 0.34/turn               (no ring)
MPRegen 0.11/turn               (no ring)

@: berserking, very quick
A: horns 2, retaliatory headbutt
a: Renounce Religion, Berserk, Trog's Hand, Brothers in Arms


You were in the Dungeon.
You worshipped Trog.
Trog was extremely pleased with you.
You visited 1 branch

Inventory:

Hand Weapons
 a - a +6 great sword of flaming (weapon)
 m - a +1 long sword of flaming
 n - a +3 antimagic scimitar
 r - a +2 scimitar of flaming
 s - a +0 lajatang
Armour
 t - a +3 plate armour (worn)
Jewellery
 o - a +3 ring of strength
 p - a +3 ring of intelligence
Scrolls
 h - a scroll of blinking
 k - a scroll of summoning
Potions
 c - 7 potions of curing
 d - 12 potions of heal wounds
 e - a potion of haste
 f - 4 potions of magic
 g - 5 potions of berserk rage
 j - 2 potions of invisibility
 q - a potion of might


   Skills:
 + Level 14.9 Fighting
 + Level 17.6 Long Blades
 + Level 13.9 Armour
 + Level 7.4 Dodging


You had 8 spell levels left.
You didn't know any spells.
Your spell library was empty.

Dungeon Overview and Level Annotations

Branches:
Dungeon (1/1)

Altars:
Cheibriados
Dithmenos
Elyvilon
Fedhas
Gozag
Hepliaklqana
Makhleb
Nemelex Xobeh
Okawaru
Qazlal
Ru
Sif Muna
Trog
Vehumet
Wu Jian
Xom
Yredelemnul
Zin
The Shining One
Jiyva
Lugonu


Innate Abilities, Weirdness & Mutations

You have a pair of horns on your head.
You reflexively headbutt those who attack you in melee.


Message History

An ice devil and a phantasmal warrior come into view.
The centaur unwields a +0 shortbow.
The centaur completely misses you.
The centaur kicks you but does no damage.
The centaur closely misses you. x2; The centaur hits you.
The centaur kicks you but does no damage.
You completely miss the centaur. You headbutt the centaur!
The centaur is severely wounded.
The centaur hits you but does no damage.
The centaur closely misses you. The phantasmal warrior gestures at you.
The phantasmal warrior blinks!
You barely miss the centaur.
The centaur is severely wounded.
The centaur hits you but does no damage.
The centaur closely misses you.
The phantasmal warrior hits you but does no damage.
You slice the centaur!! You burn the centaur.
You kill the centaur!
Trog accepts your kill.
The ice devil hits you but does no damage.
The phantasmal warrior hits you!
The phantasmal warrior attacks as you move away!
The phantasmal warrior hits you but does no damage.
The ice devil hits you! The ice devil freezes you!!
* * * LOW HITPOINT WARNING * * *
You see here a +0 shortbow.
A red film seems to cover your vision as you go berserk!
You feel yourself moving faster!
You feel mighty!
The phantasmal warrior completely misses you.
The ice devil hits you.
* * * LOW HITPOINT WARNING * * *
The ice devil freezes you!!
* * * LOW HITPOINT WARNING * * *
You slash the phantasmal warrior! You burn the phantasmal warrior.
The phantasmal warrior is lightly damaged.
You slice the phantasmal warrior!! You burn the phantasmal warrior!
The phantasmal warrior is almost destroyed.
The ice devil hits you but does no damage.
The phantasmal warrior hits you!!
You die...

..#......#
.........+
.........+
..#......#
.........#
##''######
##''#####
###########
##......#
#.........#
##......# #...@W..#
###....##
####.4.### # ##['##
###..'...+
###....###....##+##
##......#....##
##......'....+
##...)..#....#
###....###....# #
##''## ###..+


You could see a phantasmal warrior and an ice devil.

Vanquished Creatures
  A great orb of eyes (D)
  A lindwurm (D)
  A deep elf zephyrmancer (D)
  A manticore (D)
  A smoke demon (D)
  An unseen horror (D)
  An efreet (D)
  An air elemental (D)
  A ynoxinul (D)
  A wraith (D)
  A redback (D)
  A steam dragon (D)
  A floating eye (D)
  An orc warrior (D)
  2 centaurs (D)
  A necrophage (D)
  A jelly (D)
  An iguana (D)
  An iron imp (D)
  A gnoll (D)
  A river rat (D)
  An ufetubus (D)
  An adder skeleton (D)
  A worm (D)
  3 orcs (D)
  A giant cockroach (D)
  2 jackals (D)
  A kobold (D)
  A frilled lizard (D)
  A jackal zombie (D)
  2 rats (D)
36 creatures vanquished.

Vanquished Creatures (others)
  2 jackals (D)
2 creatures vanquished.

Grand Total: 38 creatures vanquished

Notes
Turn   | Place    | Note
-------+----------+-------------------------------------------
     0 | D        | boopmooplesden the Minotaur Berserker began the quest for
                  | the Orb.
     0 | D        | Reached XP level 1. HP: 19/19 MP: 0/0
    41 | D        | Found a glowing golden altar of the Shining One.
    41 | D        | Found a glowing silver altar of Zin.
    41 | D        | Found a basalt altar of Yredelemnul.
    41 | D        | Found a shimmering altar of Xom.
    41 | D        | Found an ornate altar of the Wu Jian Council.
    41 | D        | Found a bloodstained altar of Trog.
    41 | D        | Found a shimmering blue altar of Sif Muna.
    41 | D        | Found a sacrificial altar of Ru.
    41 | D        | Found a stormy altar of Qazlal.
    41 | D        | Found an iron altar of Okawaru.
    41 | D        | Found a sparkling altar of Nemelex Xobeh.
    41 | D        | Found a burning altar of Makhleb.
    41 | D        | Found a viscous altar of Jiyva.
    41 | D        | Found a hazy altar of Hepliaklqana.
    41 | D        | Found an opulent altar of Gozag.
    41 | D        | Found a blossoming altar of Fedhas.
    41 | D        | Found a white marble altar of Elyvilon.
    41 | D        | Found a shadowy altar of Dithmenos.
    41 | D        | Found a snail-covered altar of Cheibriados.
    43 | D        | Found a radiant altar of Vehumet.
    43 | D        | Found a corrupted altar of Lugonu.
    50 | D        | Noticed a floating eye
    51 | D        | Paralysed by a floating eye for 2 turns
    53 | D        | Killed a floating eye
    54 | D        | Reached skill level 7 in Long Blades
    54 | D        | Reached XP level 2. HP: 34/34 MP: 1/1
    54 | D        | Reached XP level 3. HP: 39/39 MP: 2/2
    54 | D        | Reached XP level 4. HP: 47/47 MP: 3/3
    55 | D        | Reached ** piety under Trog
    64 | D        | Reached *** piety under Trog
   270 | D        | Noticed a necrophage
   275 | D        | Reached skill level 8 in Long Blades
   277 | D        | Killed a necrophage
   278 | D        | Reached skill level 9 in Long Blades
   278 | D        | Reached XP level 5. HP: 56/56 MP: 4/4
   279 | D        | Reached **** piety under Trog
   368 | D        | Noticed a centaur
   373 | D        | Reached skill level 5 in Armour
   375 | D        | Reached skill level 5 in Dodging
   378 | D        | Killed a centaur
   379 | D        | Reached skill level 10 in Long Blades
   379 | D        | Reached XP level 6. HP: 58/66 MP: 5/5
   382 | D        | Reached skill level 10 in Fighting
   753 | D        | Reached ***** piety under Trog
   756 | D        | Noticed a great orb of eyes
   759 | D        | Paralysed by a great orb of eyes for 3 turns
   776 | D        | Killed a great orb of eyes
   777 | D        | Reached skill level 13 in Long Blades
   777 | D        | Reached XP level 7. HP: 33/78 MP: 6/6
  1119 | D        | Reached XP level 8. HP: 73/85 MP: 7/7
  1119 | D        | Received a gift from Trog
  1171 | D        | Noticed a deep elf zephyrmancer
  1171 | D        | Noticed a manticore
  1182 | D        | Killed a deep elf zephyrmancer
  1183 | D        | Reached skill level 14 in Long Blades
  1188 | D        | Killed a manticore
  1189 | D        | Reached skill level 15 in Long Blades
  1189 | D        | Reached skill level 10 in Armour
  1314 | D        | Reached XP level 9. HP: 87/94 MP: 2/8
  1327 | D        | Killed an unseen horror
  1328 | D        | Reached skill level 16 in Long Blades
  1529 | D        | Noticed a lindwurm
  1534 | D        | Killed a lindwurm
  1544 | D        | Received a gift from Trog
  1682 | D        | Noticed a smoke demon
  1682 | D        | Noticed an efreet
  1692 | D        | Killed a smoke demon
  1693 | D        | Reached skill level 17 in Long Blades
  1696 | D        | Killed an efreet
  1832 | D        | Paralysed by an air elemental for 1 turns
  1835 | D        | Noticed an ice devil
  1835 | D        | Noticed a phantasmal warrior
  1843 | D        | Mangled by a phantasmal warrior

Illustrated notes

Levels and vault maps discovered:
D:        pitsprint [storerooms_1, entrance_room_1, metal_vault_2, armoury_2,
          mini_pit_1, grid_room_1, main_hall_1, silver_pit, the_coven_3,
          the_vestibule_1, steel_vault_2, golden_pit, hallway_of_sentries,
          crystal_vault_4, iron_vault_1, final_vault]

Skill      XL: |  1  2  3  4  5  6  7  8  9 |
---------------+----------------------------+-----
Fighting       | 7 8 9 12 13 14 | 14.9
Long Blades    | 7 9 10 13 15 17 | 17.6
Armour         | 4 5 8 10 13 | 13.9
Dodging        | 3 4 5 6 7 |  7.4

Action                   |  1- 3 |  4- 6 |  7- 9 || total
-------------------------+-------+-------+-------++-------
Melee: Falchion          |     4 |    12 |       ||    16
       Headbutt          |     1 |    11 |    15 ||    27
       Long sword        |       |    31 |    18 ||    49
       Punch             |       |     1 |       ||     1
       Scimitar          |       |       |    33 ||    33
       Great sword       |       |       |    15 ||    15
Invok: Berserk           |       |     4 |     5 ||     9
Armor: Animal skin       |     1 |     1 |       ||     2
       Plate armour      |       |    17 |    52 ||    69
Dodge: Dodged            |     5 |    26 |    23 ||    54
